 Dungeon Crawl Stone Soup version 0.28-a0-1130-gc51a68064b (webtiles) character file.

Game seed: 15881848589964420578

150 ragingrage the Charlatan (level 5, 0/33 HPs)
             Began as a Gargoyle Artificer on Dec 12, 2021.
             Slain by an orc (3 damage)
             ... on level 3 of the Dungeon.
             The game lasted 00:03:08 (4056 turns).

ragingrage the Charlatan (Gargoyle Artificer)       Turns: 4056, Time: 00:03:09

Health: 0/33       AC: 11    Str: 15    XL:     5   Next: 32%
Magic:  5/5        EV:  7    Int: 12    God:
Gold:   154        SH:  6    Dex: 12    Spells: 4/4 levels left

rFire   + . .      SeeInvis .   b - +2 hunting sling (freeze)
rCold   . . .      Faith    .   h - +0 kite shield
rNeg    + . .      Spirit   .   s - +2 ring mail {rF+}
rPois   ∞          Reflect  .   (no helmet)
rElec   +          Harm     .   (no cloak)
rCorr   +          Rampage  .   (no gloves)
Will    .....                   (no boots)
Stlth   +.........              (no amulet)
HPRegen 0.11/turn               l - ring of resist corrosion
MPRegen 0.09/turn               (no ring)

@: no status effects
A: sickness immunity, AC +4, negative energy resistance 1, electricity
resistance, torment resistance 1, petrification resistance
a: no special abilities


You were on level 3 of the Dungeon.
You visited 1 branch of the dungeon, and saw 4 of its levels.

You collected 154 gold pieces.

Inventory:

Hand Weapons
 a - a +0 spear
 b - a +2 hunting sling of freezing (weapon)
 v - a +0 hand axe
Missiles
 k - 54 stones
 t - 6 sling bullets (quivered ammo)
Armour
 h - a +0 kite shield (worn)
 s - a +2 ring mail of fire resistance (worn)
Jewellery
 l - a ring of resist corrosion (left hand)
 w - a ring of ice
Wands
 c - a wand of flame (13)
 d - a wand of charming (15)
Scrolls
 f - 2 scrolls of teleportation
 j - a scroll of torment {unknown}
 m - 2 scrolls of magic mapping {unknown}
 p - a scroll of enchant weapon {unknown}
 r - a scroll of identify {unknown}
Potions
 g - a potion of berserk rage {unknown}
 i - a potion of heal wounds {unknown}
 n - a potion of invisibility {unknown}
 o - a potion of curing {unknown}
 q - a potion of haste {unknown}
 u - a potion of attraction {unknown}
Miscellaneous
 e - a piece from Xom's chessboard (15/15)


   Skills:
 - Level 3.9 Fighting
 * Level 0.0 Axes
 - Level 2.1 Armour
 - Level 0.7 Dodging
 - Level 1.1 Stealth
 + Level 4.2 Evocations


You had 4 spell levels left.
You didn't know any spells.
Your spell library contained the following spells:

 Spells                   Type           Power      Damage    Failure   Level
 Animate Skeleton         Necr           0%         N/A       99%         1
 Apportation              Tloc           0%         N/A       99%         1
 Summon Small Mammal      Summ           0%         N/A       99%         1
 Blink                    Tloc           0%         N/A       100%        2
 Manifold Assault         Tloc           0%         N/A       100%        5
 Storm Form               Tmut/Air       0%         N/A       100%        7


Dungeon Overview and Level Annotations

Branches:
Dungeon (4/15)
 Temple: D:4-7

Altars:
Wu Jian
Zin


Innate Abilities, Weirdness & Mutations

You are immune to sickness and miasma.
Your stone body is resilient. (AC +4)
You are immune to poison.
You resist negative energy. (rN+)
You are resistant to electric shocks. (rElec)
You are resistant to unholy torment.
You are immune to petrification.


Message History

Here: an orc, wielding a +0 mace of protection
Items here: 2 sling bullets; a +0 dagger.
The floor.
Unknown command.
The orc hits you but does no damage.
Things that are here:
a +0 mace; a +0 leather armour; an orc corpse Fire: 9 sling bullets
Press: ? - help, Q - select action, (/) - cycle Shift-Dir - straight line, f/p - orc
Aim: an orc, wielding a +0 mace of protection (60% to hit)
You shoot a sling bullet. The sling bullet barely misses the orc.
The orc closely misses you. The orc barely misses you.
Fire: 8 sling bullets
Press: ? - help, Q - select action, (/) - cycle Shift-Dir - straight line, f/p - orc
Aim: an orc, wielding a +0 mace of protection (60% to hit)
You shoot a sling bullet.
The sling bullet closely misses the orc.
You block the orc's attack.
Fire: 7 sling bullets
Press: ? - help, Q - select action, (/) - cycle Shift-Dir - straight line, f/p - orc
Aim: an orc, wielding a +0 mace of protection (60% to hit)
You shoot a sling bullet.
The sling bullet hits the orc but does no damage.
The orc hits you with a +0 mace of protection.
* * * LOW HITPOINT WARNING * * *
The orc hits you with a +0 mace of protection.
* * * LOW HITPOINT WARNING * * *
Aiming: Throw Flame
Press: ? - help, Shift-Dir - straight line, f/p - orc
Aim: an orc, wielding a +0 mace of protection (71% to hit)
The puff of flame hits the orc.
The orc is lightly wounded.
The orc hits you but does no damage.
Aiming: Throw Flame
Press: ? - help, Shift-Dir - straight line, f/p - orc
Aim: an orc, wielding a +0 mace of protection (lightly wounded, 71% to hit)
The puff of flame hits the orc.
The orc is almost dead.
The orc hits you with a +0 mace of protection.
You die...

.≈..≈#≈≈≈≈≈.#.##.##.########.....
.≈...≈.≈.≈≈.#.##.#...........'###
#≈≈....≈.≈≈.#.##.#...........#...
#♣≈♣≈♣.≈≈#....##.#...........#⌠..
#.≈.≈#♣≈##.......#...........#.._
##≈≈≈#.###.......+...........#⌠..
..####.###.......#...........####
..'....##....................###.
..####.##......#@#..#+######.##..
..# #.##..≈....o#....#####...##.
'#####.##.≈≈≈#..(#....^........#8
.....≈..≈≈≈≈.+...#...............
...#≈≈≈≈≈≈....#..#..........###..
..≈≈≈..##....##.)#...............
...#.#.##(....[(>#.........######
...#.#.....########........#
...#.####### #............#


You could see an orc.

Vanquished Creatures
  Ijyb (D:3)
  5 adders
  5 dart slugs
  2 orcs
  5 ball pythons
  7 endoplasms
  2 giant cockroaches (D:1)
  6 goblins
  6 hobgoblins
  10 kobolds
  6 quokkas
  5 bats
  2 frilled lizards
  5 rats
67 creatures vanquished.

Vanquished Creatures (others)
  7 plants (D:2)
7 creatures vanquished.

Grand Total: 74 creatures vanquished

Notes
Turn   | Place    | Note
-------+----------+-------------------------------------------
     0 | D:1      | ragingrage the Gargoyle Artificer began the quest for the
                  | Orb.
     0 | D:1      | Reached XP level 1. HP: 12/12 MP: 1/1
   185 | D:1      | Reached XP level 2. HP: 16/17 MP: 2/2
   205 | D:1      | Reached skill level 3 in Evocations
  1212 | D:1      | Reached XP level 3. HP: 12/21 MP: 3/3
  1937 | D:2      | Found a faded altar of an unknown god.
  2105 | D:2      | Reached XP level 4. HP: 26/27 MP: 4/4
  2427 | D:2      | You fall into a shaft and drop 2 floors!
  3149 | D:3      | Noticed Ijyb
  3196 | D:3      | Killed Ijyb
  3197 | D:3      | Reached skill level 4 in Evocations
  3653 | D:3      | Found an ornate altar of the Wu Jian Council.
  3653 | D:3      | Found a glowing silver altar of Zin.
  3711 | D:3      | Reached XP level 5. HP: 33/33 MP: 5/5
  4056 | D:3      | Slain by an orc

Illustrated notes

Levels and vault maps discovered:
D:1:      psy_arrival_whirlpool, layout_loops_corners,
          hangedman_decor_clover_reticule
D:2:      wad_lake_hut, layout_loops_ring,
          hellmonk_ecumenical_altar_pennies_from_heaven
D:3:      layout_basic, jmf_multi_god_temple, serial_rivers,
          chequers_serial_rivers_small_3, chequers_serial_rivers_marsh,
          chequers_serial_rivers_marsh, chequers_serial_rivers_small_a,
          chequers_serial_rivers_small_a, uniq_ijyb
D:4:      layout_rooms

Skill      XL: |  1  2  3  4 |
---------------+-------------+-----
Evocations     | 3 4 |  4.2
Fighting       | 2 3 |  3.9
Armour         | |  2.1
Dodging        | |  0.7
Stealth        | |  1.1

Action                   |  1- 3 |  4- 6 || total
-------------------------+-------+-------++-------
Melee: Club              |     8 |       ||     8
       Dagger            |    72 |       ||    72
       Spear             |    59 |     3 ||    62
       Short sword       |     6 |       ||     6
 Fire: Hunting sling     |    13 |   106 ||   119
Evoke: Wand              |       |     2 ||     2
  Use: Scroll            |       |     1 ||     1
 Stab: Sleeping          |     1 |       ||     1
Armor: Leather armour    |    51 |     7 ||    58
       Skin              |       |    12 ||    12
       Ring mail         |       |    11 ||    11
Dodge: Dodged            |    74 |    24 ||    98
Block: Kite shield       |    18 |    32 ||    50

Table legend: (Time is in decaauts)
 A = Elapsed time spent in this place.
 B = Non-inter-level travel time spent in this place.
 C = Inter-level travel time spent in this place.
 D = Time resting spent in this place.
 E = Time spent auto-exploring this place.
 F = Levels seen in this place.
 G = Mean time per level.
                   A        B        C        D        E       F      G
               +--------+--------+--------+--------+--------+-----+--------+
         Total |   4194 |   4031 |    163 |    695 |   2663 |   4 | 1048.5 |
       Dungeon |   4194 |   4031 |    163 |    695 |   2663 |   4 | 1048.5 |
               +--------+--------+--------+--------+--------+-----+--------+

Top non-repeatable levels by time:
     D:1: 1882 daAuts
     D:3: 1136 daAuts
     D:2: 1051 daAuts
     D:4: 123 daAuts
